 Dungeon Crawl Stone Soup version 0.24.1 (webtiles) character file.

Game seed: 13887210387749462386, levelgen mode: deterministic

65149 UMR1352 the Spear-Bearer (level 14, -2/141 HPs)
             Began as a Minotaur Fighter on Mar 31, 2020.
             Was a High Priest of Trog.
             Killed from afar by a deep elf knight (35 damage)
             ... with a stone arrow
             ... on level 2 of the Elven Halls.
             The game lasted 02:02:33 (19366 turns).

UMR1352 the Spear-Bearer (Minotaur Fighter)        Turns: 19366, Time: 02:02:37

Health: -2/141     AC: 18    Str: 26    XL:     14   Next: 74%
Magic:  0/22       EV:  8    Int:  5    God:    Trog [*****.]
Gold:   1662       SH: 13    Dex: 10    Spells: 13/13 levels left

rFire    . . .     SeeInvis .   a - +3 demon trident (elec)
rCold    . . .     Gourm    .   i - +1 shield {rN+}
rNeg     + . .     Faith    .   Y - +0 plate armour
rPois    .         Spirit   +   (helmet restricted)
rElec    .         Reflect  .   r - scarf {Spirit}
rCorr    .         Harm     .   H - +2 pair of gloves
MR       +....     Clarity  +   (no boots)
Stlth    ..........             (no amulet)
HPRegen  0.33/turn              l - +6 ring of slaying
MPRegen  0.18/turn              N - ring of magical power

@: no status effects
A: retaliatory headbutt, horns 2, clarity, robust 1
a: Berserk, Trog's Hand, Brothers in Arms, Renounce Religion


You were on level 2 of the Elven Halls.
You worshipped Trog.
Trog was extremely pleased with you.
You were not hungry.

You visited 3 branches of the dungeon, and saw 18 of its levels.

You collected 1886 gold pieces.
You spent 224 gold pieces at shops.

Inventory:

Hand Weapons
 a - a +3 demon trident of electrocution (weapon)
 b - a +6 hunting sling of flaming
 o - a +3 scimitar of flaming
 W - a +4 spear of freezing
Missiles
 k - 10 atropa-tipped darts
 u - 165 sling bullets
 x - 3 boomerangs
 D - 8 javelins
 P - 42 poisoned darts (quivered)
 R - 5 silver javelins
Armour
 i - a +1 shield of positive energy (worn)
 r - a scarf of spirit shield (worn)
 v - a +2 chain mail of fire resistance
 C - the +2 robe of Vines {NoPotionHeal Regen+7}
   (You found it on level 5 of the Dungeon)

   It increases your rate of regeneration.
 H - a +2 pair of gloves (worn)
 X - a +4 ring mail of poison resistance
 Y - a +0 plate armour (worn)
Jewellery
 c - the amulet of Doubts {Harm *Drain rPois rC+ Int+4 Dex-2}
   (You found it on level 13 of the Dungeon)

   [amulet of harm]

   It increases damage dealt and taken.
   It affects your intelligence (+4).
   It affects your dexterity (-2).
   It protects you from cold.
   It protects you from poison.
   It causes draining when unequipped.
 l - a +6 ring of slaying (left hand)
 p - a +4 ring of evasion
 K - an uncursed ring of flight
 N - a ring of magical power (right hand)
 S - an uncursed ring of protection from magic
 U - the ring of Asav {rPois MR+ Int+9 Dex-5 Stlth-}
   (You found it on level 8 of the Dungeon)

   [ring of protection from magic]

   It affects your intelligence (+9).
   It affects your dexterity (-5).
   It protects you from poison.
   It affects your resistance to hostile enchantments.
   It makes you less stealthy.
Wands
 m - a wand of disintegration (10)
 L - a wand of iceblast (7)
Scrolls
 h - a scroll of blinking
 n - 7 scrolls of remove curse
 y - 3 scrolls of immolation
 B - 7 scrolls of teleportation
 F - a scroll of acquirement {unknown}
 I - a scroll of fear
 J - 2 scrolls of enchant armour
 M - 7 scrolls of magic mapping
 O - a scroll of enchant weapon
 Z - a scroll of torment
Potions
 d - 3 potions of might
 e - 4 potions of brilliance
 g - 5 potions of haste
 j - 2 potions of resistance
 q - 6 potions of heal wounds
 s - 8 potions of curing
 t - 2 potions of flight
 w - a potion of mutation
 z - 4 potions of ambrosia
 A - 5 potions of lignification
 E - a potion of berserk rage
 G - 2 potions of magic
 T - 2 potions of agility
Miscellaneous
 V - a sack of spiders
Comestibles
 f - 11 rations


   Skills:
 + Level 13.1 Fighting
 - Level 8.8 Long Blades
 * Level 14.5 Polearms
 + Level 13.6(14.3) Slings
 + Level 7.5(11.1) Throwing
 + Level 11.7 Armour
 + Level 4.2 Dodging
 + Level 1.4 Stealth
 + Level 9.6 Shields


You had 13 spell levels left.
You didn't know any spells.
Your spell library contained the following spells:

 Spells                   Type           Power        Failure   Level  Hunger
 Animate Skeleton         Necr           N/A          100%        1    ##.....
 Apportation              Tloc           #.....       100%        1    ##.....
 Confusing Touch          Hex            #.....       100%        1    ##.....
 Infusion                 Chrm           #...         100%        1    ##.....
 Shock                    Conj/Air       #...         100%        1    ##.....
 Summon Small Mammal      Summ           #...         100%        1    ##.....
 Call Imp                 Summ           #.......     100%        2    ###....
 Shroud of Golubria       Chrm/Tloc      #.....       100%        2    ###....
 Song of Slaying          Chrm           #.......     100%        2    ###....
 Swiftness                Chrm/Air       #.......     100%        2    ###....
 Throw Flame              Conj/Fire      #.....       100%        2    ###....
 Call Canine Familiar     Summ           #.......     100%        3    ####...
 Regeneration             Chrm/Necr      #.........   100%        3    ####...
 Spectral Weapon          Hex/Chrm       #.......     100%        3    ####...
 Static Discharge         Conj/Air       #.......     100%        3    ####...
 Summon Guardian Golem    Hex/Summ       #.......     100%        3    ####...
 Airstrike                Air            #.........   100%        4    #####..
 Fulminant Prism          Conj/Hex       #.........   100%        4    #####..
 Iskenderun's Mystic Bla  Conj           #.......     100%        4    #####..
 Summon Ice Beast         Ice/Summ       #.......     100%        4    #####..
 Summon Lightning Spire   Summ/Air       #.......     100%        4    #####..
 Lightning Bolt           Conj/Air       #.........   100%        5    ######.
 Bolt of Cold             Conj/Ice       #.........   100%        6    #######


Dungeon Overview and Level Annotations

Branches:
Dungeon (14/15)            Temple (0/1) D:7            Lair (0/6) D:8
    Orc (2/2) D:9             Elf (2/3) Orc:2        Vaults (0/5) D:13

Altars:
Elyvilon
Gozag
Qazlal
Trog
Uskayaw
Xom
Zin
The Shining One

Shops:
Orc:1 *   Orc:2 %[(%


Innate Abilities, Weirdness & Mutations

You reflexively headbutt those who attack you in melee.
You have a pair of horns on your head.
You possess an exceptional clarity of mind.
You are robust. (+10% HP)


Message History

The deep elf knight shoots an arrow.
The arrow closely misses you.
You hear a twanging sound.
An arrow appears from out of thin air!
The arrow hits you.
* * * LOW HITPOINT WARNING * * *
You see here a +0 falchion.
You feel much better.
You hear a twanging sound.
An arrow appears from out of thin air!
The arrow hits you.
The +2 glaive of protection hits you from afar!!
* * * LOW HITPOINT WARNING * * *
The deep elf knight casts a spell at you.
The orb of energy misses you.
You feel much better.
You hear some strange, mumbled words.
A shard of ice appears from out of thin air!
The shard of ice hits you!!
* * * LOW HITPOINT WARNING * * *
The deep elf knight points at you and mumbles some strange words.
The stone arrow hits you!!!
You die...

## #####...##### ##
####################'''##########
...................#.).#.........
...................#(..#.........
####.............###...###.......
####.............#.......#.......
..##.............#.......#.......
#.##.............#(......#.......
#.##.......(....@)e......'.......
#.##.............#{......#(......
#.##..>..........#.......#)......
.................#.......#.......
#.##..(..........####+####.......
#.##........<...........^........
#.##.............................
#.##.............................
..##.......}.....................


You could see a deep elf knight and a +2 glaive of protection.

Vanquished Creatures
  2 deep elf sorcerers (Elf:1)
  Nessos (Orc:2)
  2 ettins
  Fannar (D:9)
  A vault guard (D:13)
  A centaur warrior (Orc:2)
  A hydra (D:13)
  Erica (Orc:1)
  2 two-headed ogres
  13 dancing weapons
  2 tengu warriors
  Urug (D:10)
  Nergalle (D:10)
  8 deep elf knights
  2 unseen horrors
  10 deep elf archers
  An orc knight (Orc:2)
  An orc sorcerer (Elf:1)
  4 ugly things
  39 deep elf magi
  Joseph (D:7)
  An efreet (D:13)
  A tengu conjurer (D:13)
  4 trolls
  Grinder (D:3)
  A hippogriff (shapeshifter) (D:12)
  6 hippogriffs
  Sigmund (D:3)
  3 air elementals
  A vampire (D:10)
  9 yaks (D:9)
  2 water elementals
  A wyvern (D:9)
  A hungry ghost (D:9)
  A steam dragon (D:10)
  6 vampire mosquitoes
  A warg (Orc:2)
  An acid dragon (D:13)
  A water moccasin (D:8)
  A soldier ant (D:13)
  Duvessa (D:5)
  2 porcupines (D:8)
  2 necrophages
  3 ice beasts
  26 orc warriors
  4 sky beasts
  18 centaurs
  14 ogres
  2 big kobolds
  9 bullfrogs
  Dowan (D:5)
  A wyvern zombie (D:12)
  A wyvern skeleton (D:12)
  2 scorpions
  8 killer bees
  4 wights
  3 howler monkeys
  5 crimson imps
  3 centaur zombies
  A quasit (D:11)
  4 bullfrog zombies
  A bullfrog skeleton (D:5)
  6 hounds
  3 jellies
  10 orc priests
  18 orc wizards
  A centaur skeleton (D:4)
  3 iguanas
  Natasha (thrice) (D:3)
  Terence (D:3)
  7 worker ants
  2 hound zombies
  A worker ant zombie (D:10)
  3 gnolls (D:9)
  17 adders
  4 shadow imps
  2 oozes
  2 adder skeletons (D:5)
  5 dart slugs
  3 leopard geckos
  75 orcs
  2 ball pythons
  7 giant cockroaches
  11 hobgoblins
  5 jackals
  4 quokkas
  12 bats
  4 frilled lizards
  13 goblins
  12 kobolds
  A leopard gecko skeleton (D:7)
  14 rats
504 creatures vanquished.

Vanquished Creatures (others)
  2 fungi (D:8)
2 creatures vanquished.

Grand Total: 506 creatures vanquished

Notes
Turn   | Place    | Note
-------+----------+-------------------------------------------
     0 | D:1      | UMR1352 the Minotaur Fighter began the quest for the Orb.
     0 | D:1      | Reached XP level 1. HP: 19/19 MP: 0/0
   158 | D:1      | Reached XP level 2. HP: 27/27 MP: 1/1
   397 | D:1      | Reached XP level 3. HP: 33/33 MP: 2/2
  1080 | D:2      | Found a bloodstained altar of Trog.
  1080 | D:2      | Found an opulent altar of Gozag.
  1101 | D:2      | Found a glowing silver altar of Zin.
  1101 | D:2      | Found a white marble altar of Elyvilon.
  1107 | D:2      | Became a worshipper of Trog the Wrathful
  1123 | D:2      | Reached XP level 4. HP: 40/40 MP: 3/3
  1132 | D:2      | Found a faded altar of an unknown god.
  1237 | D:2      | Reached skill level 1 in Throwing
  1530 | D:3      | Noticed Sigmund
  1773 | D:3      | Noticed Natasha
  1783 | D:3      | Killed Natasha
  1783 | D:3      | Reached XP level 5. HP: 33/46 MP: 2/4
  1801 | D:3      | Reached * piety under Trog
  1816 | D:3      | Noticed Natasha
  1899 | D:3      | Noticed Terence
  1908 | D:3      | Killed Terence
  1911 | D:3      | Killed Natasha
  1911 | D:3      | Reached skill level 1 in Slings
  1990 | D:3      | Reached skill level 5 in Armour
  2134 | D:3      | Reached XP level 6. HP: 50/53 MP: 3/5
  2203 | D:3      | Noticed Natasha
  2210 | D:3      | Noticed Grinder
  2214 | D:3      | Paralysed by Grinder for 2 turns
  2430 | D:4      | Found a stormy altar of Qazlal.
  2547 | D:4      | Reached skill level 5 in Fighting
  2946 | D:5      | Entered Level 5 of the Dungeon
  2997 | D:5      | Reached skill level 5 in Long Blades
  2997 | D:5      | Reached XP level 7. HP: 54/61 MP: 6/6
  3412 | D:5      | Reached ** piety under Trog
  3595 | D:5      | Found the +2 robe of Vines {NoPotionHeal Regen+7}
  3751 | D:5      | Noticed Duvessa
  3751 | D:5      | Noticed Dowan
  3778 | D:5      | Killed Duvessa
  3798 | D:5      | Killed Dowan
  4032 | D:6      | Reached XP level 8. HP: 20/69 MP: 2/7
  4373 | D:6      | Reached skill level 1 in Dodging
  4392 | D:6      | Reached skill level 5 in Shields
  5091 | D:7      | Reached skill level 5 in Slings
  5232 | D:7      | Reached XP level 9. HP: 69/75 MP: 8/8
  5397 | D:7      | Reached *** piety under Trog
  5409 | D:7      | Reached skill level 1 in Polearms
  5499 | D:7      | Noticed Joseph
  5512 | D:7      | Killed Joseph
  5512 | D:7      | Reached skill level 3 in Polearms
  5713 | D:7      | Found a staircase to the Ecumenical Temple.
  6211 | D:8      | Received a gift from Trog
  6247 | D:8      | Reached skill level 4 in Polearms
  6261 | D:8      | Got a fine platinum ring
  6263 | D:8      | Identified the ring of Asav {rPois MR+ Int+9 Dex-5 Stlth-}
                  | (You found it on level 8 of the Dungeon)
  6345 | D:8      | Reached skill level 5 in Polearms
  6509 | D:8      | Reached XP level 10. HP: 84/84 MP: 9/9
  6655 | D:8      | Found a staircase to the Lair.
  7112 | D:9      | Noticed a two-headed ogre
  7120 | D:9      | Killed a two-headed ogre
  7120 | D:9      | Reached skill level 6 in Polearms
  7269 | D:9      | Reached **** piety under Trog
  7285 | D:9      | Found a hide-covered altar of Uskayaw.
  7287 | D:9      | Reached skill level 7 in Polearms
  7328 | D:9      | Received a gift from Trog
  7419 | D:9      | Found a staircase to the Orcish Mines.
  7612 | D:9      | Found a shimmering altar of Xom.
  7869 | D:9      | Reached XP level 11. HP: 90/92 MP: 10/10
  8166 | D:10     | Entered Level 10 of the Dungeon
  8189 | D:10     | Noticed Urug
  8203 | D:10     | Killed Urug
  8636 | D:10     | Received a gift from Trog
  8701 | D:10     | Reached skill level 8 in Polearms
  8923 | D:10     | Noticed Nergalle
  8931 | D:10     | Killed Nergalle
  8931 | D:10     | Reached skill level 5 in Throwing
  9077 | D:10     | Reached skill level 10 in Slings
  9548 | D:11     | Reached ***** piety under Trog
  9933 | D:11     | Noticed a cyan ugly thing
  9939 | D:11     | Killed a cyan ugly thing
 10320 | D:11     | Noticed a two-headed ogre
 10320 | D:11     | Noticed an orc knight
 10320 | D:11     | Noticed a tengu warrior
 10321 | D:11     | Noticed a centaur warrior
 10353 | D:11     | Killed a tengu warrior
 10394 | D:12     | Reached skill level 9 in Polearms
 10423 | D:12     | Noticed a white ugly thing
 10435 | D:12     | Killed a white ugly thing
 10571 | D:12     | Received a gift from Trog
 10615 | D:12     | Noticed a two-headed ogre
 10629 | D:12     | Killed a two-headed ogre
 10700 | D:12     | Killed an unseen horror
 10928 | D:12     | Reached skill level 10 in Polearms
 11248 | D:12     | Noticed a brown ugly thing
 11256 | D:12     | Killed a brown ugly thing
 11256 | D:12     | Reached XP level 12. HP: 78/103 MP: 11/11
 11428 | D:12     | Gained mutation: Armour fits poorly on your strangely
                  | shaped body. [potion of mutation]
 11428 | D:12     | Gained mutation: Your system is resistant to poisons.
                  | (rPois) [potion of mutation]
 11429 | D:12     | Lost mutation: Armour fits poorly on your strangely shaped
                  | body. [potion of mutation]
 11429 | D:12     | Lost mutation: Your system is resistant to poisons. (rPois)
                  | [potion of mutation]
 11429 | D:12     | Gained mutation: You are robust. (+10% HP) [potion of
                  | mutation]
 11429 | D:12     | Gained mutation: You possess an exceptional clarity of
                  | mind. [potion of mutation]
 11696 | D:13     | Received a gift from Trog
 11739 | D:13     | Found a glowing golden altar of the Shining One.
 11899 | D:13     | Got a smoking copper amulet
 11900 | D:13     | Identified the amulet of Doubts {Harm *Drain rPois rC+
                  | Int+4 Dex-2} (You found it on level 13 of the Dungeon)
 11961 | D:13     | Noticed a vault guard
 11961 | D:13     | Noticed a six-headed hydra
 11963 | D:13     | Noticed an ettin
 11967 | D:13     | Killed a six-headed hydra
 11969 | D:13     | Killed a vault guard
 11969 | D:13     | Reached skill level 11 in Polearms
 11971 | D:13     | Killed an ettin
 11991 | D:13     | Found a gate to the Vaults.
 12038 | D:13     | Noticed a tengu warrior
 12052 | D:13     | Killed a tengu warrior
 12886 | D:14     | Noticed a death knight
 13097 | D:3      | Killed Sigmund
 13154 | D:3      | Killed Natasha
 13154 | D:3      | Reached skill level 1 in Stealth
 13205 | D:3      | Killed Grinder
 13624 | Orc:1    | Entered Level 1 of the Orcish Mines
 13624 | Orc:1    | Noticed Fannar
 13629 | Orc:1    | Noticed Erica
 13641 | D:9      | Killed Fannar
 13812 | Orc:1    | Killed Erica
 13982 | Orc:1    | Noticed an ettin
 13992 | Orc:1    | Killed an ettin
 13992 | Orc:1    | Reached skill level 10 in Fighting
 14002 | Orc:1    | Found Qangucw's Assorted Antiques.
 14099 | Orc:2    | Entered Level 2 of the Orcish Mines
 14151 | Orc:2    | Noticed Nessos
 14433 | Orc:2    | Killed Nessos
 14433 | Orc:2    | Reached skill level 12 in Polearms
 14537 | Orc:2    | Found a staircase to the Elven Halls.
 14615 | Orc:2    | Noticed a centaur warrior
 14631 | Orc:2    | Killed a centaur warrior
 14631 | Orc:2    | Reached XP level 13. HP: 122/124 MP: 12/12
 14959 | Orc:2    | Received a gift from Trog
 15099 | Orc:2    | Found Ciblyfo's Weapon Shop.
 15099 | Orc:2    | Found Oreuttev's Antique Armour Emporium.
 15103 | Orc:2    | Found Teusma Zuar's Food Shoppe.
 15105 | Orc:2    | Found Xagyw's Food Boutique.
 15377 | Orc:1    | Bought 2 potions of curing for 168 gold pieces
 15377 | Orc:1    | Bought a scroll of identify for 56 gold pieces
 15424 | Elf:1    | Entered Level 1 of the Elven Halls
 16136 | Elf:1    | Noticed a deep elf sorcerer
 16138 | Elf:1    | Reached skill level 10 in Armour
 16142 | Elf:1    | Killed a deep elf sorcerer
 16310 | Elf:1    | Identified Viofut's Handbook of Attacks
 16378 | Elf:1    | Reached skill level 13 in Polearms
 16487 | Elf:1    | Noticed a deep elf sorcerer
 16501 | Elf:1    | Killed a deep elf sorcerer
 16507 | Elf:1    | Received a gift from Trog
 16662 | Elf:1    | Received a gift from Trog
 16662 | Elf:1    | Reached XP level 14. HP: 86/138 MP: 13/13
 18158 | Elf:2    | Found a runed translucent gate.
 18158 | Elf:2    | Found a runed translucent gate.
 18195 | Elf:2    | Found a runed translucent gate.
 18383 | Elf:2    | Reached skill level 14 in Polearms
 19190 | Elf:2    | Received a gift from Trog
 19366 | Elf:2    | Killed from afar by a deep elf knight

Levels and vault maps discovered:
D:1:      onia_arrival_larder, layout_basic
D:2:      layout_rooms, grunt_temple_overflow_open,
          chequers_ecumenical_altar_simple_redux, serial_bayou_ford_a,
          minmay_pentomino_u4
D:3:      layout_rooms, serial_glass, glass_columns_b, glass_columns_c,
          uniq_terence, uniq_grinder, uniq_sigmund, uniq_natasha
D:4:      minmay_chambers_of_fours, layout_loops_ring,
          nicolae_overflow_hidden_temple, first_ration,
          kennysheep_decorative_pillar
D:5:      layout_loops_corners, hex_large, minmay_misc_feat_more_columns,
          uniq_duvessa
D:6:      layout_rooms
D:7:      layout_basic, minmay_temple_entry_gardened_gates, serial_corexii_hall,
          chequers_hall_statues_wall_a, corexii_hall_statues_i, uniq_joseph
D:8:      layout_basic, grunt_lair_entry_orc_guard_hut, grunt_ogre_cave
D:9:      layout_roguey, tgw_xom, eat_drink_and_be_merry_uskayaw, orc_0_dummy
D:10:     layout_grid_maze, uniq_nergalle, uniq_urug
D:11:     layout_roguey, minivault_22, grunt_tough_drop
D:12:     layout_rooms, serial_undead, serial_undead_c, serial_undead_e,
          serial_undead_c, serial_undead_e, minmay_variable_closet
D:13:     layout_cave_pools, david_vaults_4, basic_altar, nrook_mini_backslash
D:14:     layout_grid_maze, minmay_misc_feat_columns
Orc:1:    layout_caves, serial_shops, shop, uniq_fannar, uniq_erica
Orc:2:    st_orc_rangers, layout_diamond_mine, rock_pile, uniq_nessos
Elf:1:    eino_elf_arrival_the_gate, layout_geoelf_grid,
          minmay_elf_annihilation, serial_sigils_hangedman_shear
Elf:2:    layout_onion_city, small_chamber_with_monster,
          roderic_nine_men_s_morris, minivault_19

Skill      XL: |  1  2  3  4  5  6  7  8  9 10 11 12 13 14 |
---------------+-------------------------------------------+-----
Armour         | 4 5 6 7 8 9 10 11 | 11.7
Shields        | 4 5 6 7 8 9 |  9.6
Fighting       | 4 5 6 7 8 10 12 13 | 13.1
Long Blades    | 3 5 7 8 |  8.8
Throwing       | 1 2 4 5 6 7 |  7.5
Slings         | 1 3 4 5 6 9 10 12 13 | 13.6
Dodging        | 1 2 3 4 |  4.2
Polearms       | 5 7 10 12 13 14 | 14.5
Stealth        | 1 |  1.4

Action                   |  1- 3 |  4- 6 |  7- 9 | 10-12 | 13-15 || total
-------------------------+-------+-------+-------+-------+-------++-------
Melee: Long sword        |    68 |    61 |   121 |       |       ||   250
       Headbutt          |    16 |    12 |    38 |    46 |    25 ||   137
       Spear             |       |       |    54 |    85 |       ||   139
       Demon trident     |       |       |       |   130 |   153 ||   283
       Scimitar          |       |       |       |       |     2 ||     2
 Fire: Hunting sling     |       |    51 |    89 |   357 |   295 ||   792
       Fustibalus        |       |       |       |     4 |       ||     4
Throw: Stone             |    62 |    21 |       |       |       ||    83
       Dart              |       |     1 |     6 |    37 |     4 ||    48
       Boomerang         |       |     1 |    22 |     6 |     3 ||    32
       Javelin           |       |       |     5 |    17 |    19 ||    41
       Throwing net      |       |       |       |     2 |       ||     2
Evoke: Wand              |       |       |       |     1 |       ||     1
       Sack of spiders   |       |       |       |     1 |       ||     1
  Use: Scroll            |     1 |     4 |     5 |    12 |     4 ||    26
       Potion            |       |       |       |     3 |     4 ||     7
  Eat: Chunk             |     1 |     5 |     6 |     4 |     2 ||    18
       Ration            |       |       |     2 |     6 |     4 ||    12
Armor: Scale mail        |    30 |     7 |       |       |       ||    37
       Chain mail        |       |    17 |    19 |    13 |    12 ||    61
       Ring mail         |       |       |    36 |    36 |       ||    72
       Plate armour      |       |       |       |    61 |    43 ||   104
Dodge: Dodged            |    23 |    16 |    48 |    65 |    35 ||   187
Block: Shield            |    25 |    28 |    83 |   113 |   102 ||   351
       Rpst.: Long sword |     2 |     2 |    13 |       |       ||    17
       Scimitar          |       |       |       |       |     1 ||     1
